 Dungeon Crawl Stone Soup version 0.27.1-34-g3ba077fa99 (webtiles) character file.

Game seed: 15886363615125925519

89 Diggabert the Skirmisher (level 4, -6/38 HPs)
             Began as a Formicid Abyssal Knight on Jan 27, 2022.
             Was a Follower of Lugonu.
             Mangled by Terence (7 damage)
             ... on level 3 of the Dungeon.
             The game lasted 00:03:29 (2601 turns).

Diggabert the Skirmisher (Formicid Abyssal Knight)  Turns: 2601, Time: 00:03:30

Health: -6/38      AC:  5    Str: 17    XL:     4   Next: 84%
Magic:  6/6        EV: 10    Int: 18    God:    Lugonu [*.....]
Gold:   131        SH:  0    Dex: 10    Spells: 3/3 levels left

rFire    . . .     SeeInvis +   a - +1 mace
rCold    . . .     Faith    .   (no shield)
rNeg     . . .     Spirit   .   h - +0 ring mail
rPois    .         Reflect  .   (helmet unavailable)
rElec    .         Harm     .   (no cloak)
rCorr    .         Rampage  .   (no gloves)
Will     .....                  (no boots)
Stlth    ..........             (no amulet)
HPRegen  0.12/turn              k - +6 ring of intelligence
MPRegen  0.10/turn              (no ring)

@: no status effects
A: permanent stasis, dig shafts and tunnels, antennae 3, four strong arms
a: Dig, Shaft Self, Renounce Religion, Depart the Abyss


You were on level 3 of the Dungeon.
You worshipped Lugonu.
Lugonu was aware of your devotion.
You visited 1 branch of the dungeon, and saw 3 of its levels.
You visited the Abyss 1 time.

You collected 131 gold pieces.

Inventory:

Hand Weapons
 a - a +1 mace (weapon)
Armour
 h - a +0 ring mail (worn)
Jewellery
 k - a +6 ring of intelligence (left hand)
Scrolls
 b - 3 scrolls of teleportation {unknown}
 c - a scroll of amnesia {unknown}
 e - 2 scrolls of noise {unknown}
 g - a scroll of magic mapping {unknown}
 i - a scroll of torment {unknown}
 j - a scroll of silence {unknown}
 m - 2 scrolls of identify {unknown}
Potions
 d - a potion of curing {unknown}
 f - a potion of ambrosia {unknown}
 l - a potion of magic {unknown}


   Skills:
 * Level 4.4 Fighting
 * Level 3.0 Maces & Flails
 * Level 2.8 Armour
 - Level 0.8 Dodging
 * Level 2.7 Invocations


You had 3 spell levels left.
You didn't know any spells.
Your spell library was empty.

Dungeon Overview and Level Annotations

Branches:
Dungeon (3/15)

Altars:

Annotations:
D:3 Terence


Innate Abilities, Weirdness & Mutations

You cannot be hasted, slowed, berserked, paralysed or teleported.
You can dig through walls and to a lower floor.
You have a pair of large antennae on your head. (SInv)
Your four strong arms can wield two-handed weapons with a shield.


Message History

You now have 131 gold pieces (gained 14).
You sense a monster nearby.
Terence the Incautious comes into view.
He is wielding a +0 trident.
Terence barely misses you. Terence hits you with a +0 trident.
You hit Terence.
Terence is moderately wounded.
Terence hits you with a +0 trident.
You hit Terence.
Terence is severely wounded.
Terence hits you with a +0 trident! x2
You are too injured to fight recklessly!
You are too injured to fight recklessly!
You are too injured to fight recklessly!
You closely miss Terence.
Terence is severely wounded.
Terence barely misses you.
You hit Terence but do no damage.
Terence is severely wounded.
Terence hits you with a +0 trident.
You hit Terence.
Terence is severely wounded.
Terence closely misses you. Terence hits you but does no damage.
You hit Terence.
Terence is severely wounded.
Terence says, "Rest in peace."
Terence barely misses you.
You hit Terence but do no damage.
Terence is severely wounded.
Terence closely misses you.
You hit Terence.
Terence is almost dead.
Terence hits you with a +0 trident.
* * * LOW HITPOINT WARNING * * *
You barely miss Terence.
Terence is almost dead.
Terence hits you with a +0 trident.
* * * LOW HITPOINT WARNING * * *
Terence hits you with a +0 trident!
You die...

##### ####..@#
#####
#....P@######...#
....PP≈........#.#
.#
.PP≈≈≈≈P######...#
.# ≈≈♣♣≈P≈≈#
##.###.# P ♣♣♣≈≈≈
#.###.## ♣P≈P
#.##...## ♣P≈P
#.#.....## ≈≈P≈#
#......... P≈.
###.....##


You could see Terence.

Vanquished Creatures
  Robin (D:2)
  2 adders (D:2)
  A gnoll (D:1)
  3 dart slugs
  An orc (D:3)
  A bat (D:2)
  2 endoplasms (D:1)
  3 giant cockroaches
  11 goblins
  7 hobgoblins
  A quokka (D:1)
  3 ball pythons
  4 frilled lizards
  2 kobolds
  A rat (D:1)
43 creatures vanquished.

Vanquished Creatures (others)
  A goblin (D:3)
  3 plants (D:2)
4 creatures vanquished.

Grand Total: 47 creatures vanquished

Notes
Turn   | Place    | Note
-------+----------+-------------------------------------------
     0 | Abyss:1  | Diggabert the Formicid Abyssal Knight began the quest for
                  | the Orb.
     0 | Abyss:1  | Reached XP level 1. HP: 18/18 MP: 2/2
    58 | Abyss:1  | Found a corrupted altar of Lugonu.
    71 | Abyss:1  | Noticed a ynoxinul
    72 | D:1      | Escaped the Abyss
   400 | D:1      | Reached XP level 2. HP: 24/24 MP: 3/3
   454 | D:1      | Found a faded altar of an unknown god.
   626 | D:1      | Reached * piety under Lugonu
   642 | D:1      | Reached skill level 4 in Fighting
   642 | D:1      | Reached XP level 3. HP: 19/30 MP: 4/4
  1090 | D:2      | Reached XP level 4. HP: 25/37 MP: 5/5
  2009 | D:3      | Noticed Robin
  2307 | D:2      | Killed Robin
  2591 | D:3      | Noticed Terence
  2601 | D:3      | HP: 1/38 [Terence (5)]
  2601 | D:3      | Mangled by Terence

Illustrated notes

Levels and vault maps discovered:
D:1:      mrwooster_arrival_arrow, layout_rooms, basic_ecumenical_altar
D:2:      layout_basic, chequers_big_river
D:3:      layout_loops_ring, serial_bayou_pond_c, uniq_robin, uniq_terence

Skill      XL: |  1  2  3  4 |
---------------+-------------+-----
Fighting       | 4 |  4.4
Maces & Flails | 3 |  3.0
Armour         | |  2.8
Dodging        | |  0.8
Invocations    | |  2.7

Action                   |  1- 3 |  4- 6 || total
-------------------------+-------+-------++-------
Melee: Mace              |    58 |    78 ||   136
Invok: Depart the Abyss  |     1 |       ||     1
Armor: Leather armour    |     6 |       ||     6
       Ring mail         |     9 |    40 ||    49
Dodge: Dodged            |    37 |    62 ||    99
